 Dungeon Crawl Stone Soup version 0.22-a0-515-g75794bf (webtiles) character file.

371 inc the Chiller (level 6, -4/54 HPs)
             Began as an Octopode Ice Elementalist on June 19, 2018.
             Killed from afar by an orc wizard (9 damage)
             ... with a magic dart
             ... on level 4 of the Dungeon.
             The game lasted 00:06:08 (4306 turns).

inc the Chiller (Octopode Ice Elementalist)         Turns: 4306, Time: 00:06:08

Health: -4/54      AC: 29    Str:  7    XL:     6   Next: 70%
Magic:  0/9        EV:  2    Int: 20    God:
Gold:   232        SH:  0    Dex: 12    Spells: 2/10 levels left

rFire    . . .     SeeInvis .   (no weapon)
rCold    . . .     Gourm    .   (no shield)
rNeg     + + +     Faith    .   (helmet currently unavailable)
rPois    +         Spirit   .   (no amulet)
rElec    .         Reflect  .   e - ring of resist corrosion
rCorr    +         Harm     .   (no ring)
MR       .....     NoTele   +   (no ring)
Stlth    ++........             (no ring)
HPRegen  0.18/turn              (no ring)
MPRegen  0.11/turn              (no ring)
                                (no ring)
                                (no ring)

@: icy armour, tree-form
A: almost no armour, stealthy swim, (amphibious), 8 rings, (constrict 8)
a: no special abilities


You were on level 4 of the Dungeon.
You were near starving.
You were a tree.
You visited 1 branch of the dungeon, and saw 6 of its levels.

You collected 232 gold pieces.

Inventory:

Jewellery
 e - a ring of resist corrosion (left branch)
 i - an uncursed amulet of regeneration {unknown}
Wands
 m - a wand of acid (4)
Scrolls
 c - 2 scrolls of magic mapping {unknown}
 d - 2 scrolls of identify {unknown}
 g - 2 scrolls of teleportation {unknown}
 j - a scroll of immolation {unknown}
 k - a scroll of remove curse {unknown}
Potions
 a - 2 potions of cancellation {unknown}
 f - 2 potions of lignification
 h - 3 potions of curing {unknown}
 l - a potion of berserk rage {unknown}
Comestibles
 b - 5 rations


   Skills:
 - Level 2.0 Dodging
 - Level 2.6 Stealth
 + Level 2.6 Spellcasting
 - Level 1.0 Conjurations
 - Level 7.0 Ice Magic


You had 2 spell levels left.
You knew the following spells:

 Your Spells              Type           Power        Failure   Level  Hunger
a - Freeze                Ice            ####         1%          1    None
b - Ozocubu's Armour      Chrm/Ice       ###.....     11%         3    ###....
c - Throw Icicle          Conj/Ice       ###.....     28%         4    ####...

Your spell library contained the following spells:

 Spells                   Type           Power        Failure   Level  Hunger
 Throw Frost              Conj/Ice       ###...       4%          2    ##.....
 Summon Ice Beast         Ice/Summ       ###.....     34%         4    ####...


Dungeon Overview and Level Annotations

Branches:
Dungeon (6/15)
 Temple: D:4-7

Altars:
Hepliaklqana

Shops:
D:6 *


Innate Abilities, Weirdness & Mutations

You cannot wear most types of armour.
You are very stealthy in the water. (Stealth+)
((You are amphibious.))
You can wear up to eight rings at the same time.
((You can use your tentacles to constrict eight enemies at once.))
((Your skin changes colour to match your surroundings (Stealth+).))
((Your rubbery body absorbs attacks. (AC +1, EV +1)))


Message History

Press: ? - help, Shift-Dir - straight line You freeze something.
Something hits you.
* * * LOW HITPOINT WARNING * * *
Casting: Freeze (safe; 1% risk of failure)
Confirm with . or Enter, or press ? or * to list all spells.
You don't have enough magic to cast that spell.
You miss something. Your squeeze misses something. Something hits you.
* * * LOW HITPOINT WARNING * * *
It was a potion of lignification.
You turn into a tree.
Your roots penetrate the ground.
Something hits you but does no damage.
You hit something but do no damage. Something completely misses you.
You closely miss something.
You hear some strange, mumbled words.
A magic dart appears from out of thin air!
The magic dart hits you!
You completely miss something.
You hear some strange, mumbled words.
A magic dart appears from out of thin air!
The magic dart hits you!
You die...

##.#
########...###..#
...# ######..#
##.# ####
........# #.# #
#######.# #.# #
#.## #.# # #..#
#.# #### ##.#
...# #.#
.#.###### #♣#
........# #{#
.######.#### #..
.# #......# ##.#
.# #.#.##.## ..
.. .# #.#.....#
....# .#
#.#..#..## #..o#
.####....#.....
...Z
...........####
.###


There were no monsters in sight!

Vanquished Creatures
  A howler monkey (D:6)
  A hound (D:4)
  An orc wizard (D:4)
  Natasha (twice) (D:2)
  2 worker ants
  A hound skeleton (D:4)
  A worker ant zombie (D:6)
  6 adders
  A shadow imp (D:6)
  An ooze (D:1)
  2 worms
  2 dart slugs
  2 leopard geckos
  9 orcs
  9 bats
  A giant cockroach (D:1)
  2 goblins
  4 hobgoblins
  12 jackals
  A quokka (D:2)
  2 ball pythons
  4 frilled lizards
  6 kobolds
  A leopard gecko skeleton (D:4)
  10 rats
84 creatures vanquished.

Notes
Turn   | Place    | Note
-------+----------+-------------------------------------------
     0 | D:1      | inc the Octopode Ice Elementalist began the quest for the Orb.
     0 | D:1      | Reached XP level 1. HP: 11/11 MP: 3/3
     6 | D:1      | Noticed a water moccasin
     6 | D:1      | Noticed a polar bear
     6 | D:1      | Noticed a wolf
     6 | D:1      | Noticed a killer bee
   139 | D:1      | Reached XP level 2. HP: 11/17 MP: 3/5
   579 | D:1      | Reached skill level 4 in Ice Magic
   626 | D:1      | Reached XP level 3. HP: 16/21 MP: 4/6
  1259 | D:2      | Noticed Natasha
  1262 | D:2      | Killed Natasha
  1373 | D:2      | Reached XP level 4. HP: 20/27 MP: 2/7
  1727 | D:2      | Reached skill level 5 in Ice Magic
  1895 | D:2      | Noticed Natasha
  1908 | D:2      | Killed Natasha
  2379 | D:2      | Reached XP level 5. HP: 31/31 MP: 4/8
  2814 | D:3      | Reached skill level 6 in Ice Magic
  3862 | D:4      | Reached XP level 6. HP: 23/36 MP: 5/9
  4004 | D:4      | You fall through a shaft for 2 floors!
  4005 | D:6      | Found a hazy altar of Hepliaklqana.
  4063 | D:6      | Reached skill level 7 in Ice Magic
  4067 | D:6      | Found Ilyacegg's Assorted Antiques.
  4125 | D:6      | Learned a level 3 spell: Ozocubu's Armour
  4130 | D:6      | Learned a level 4 spell: Throw Icicle
  4148 | D:5      | Entered Level 5 of the Dungeon
  4306 | D:4      | Killed from afar by an orc wizard

Vault maps used:
D:1:      onia_arrival_zoo_common, kennysheep_crisscross
D:2:      hex_tiny, minmay_tetromino_s2, uniq_natasha
D:3:      first_ration, serial_forest, infiniplex_forest_clump_small,
          infiniplex_forest_lined_room_2, infiniplex_forest_clump_C,
          infiniplex_forest_lined_room_2, infiniplex_forest_straight_3,
          infiniplex_forest_3_way, infiniplex_forest_end_double,
          infiniplex_forest_lined_room_2
D:4:      minmay_diamond_boxcup, serial_shops, shop, vehumet_altar_wand_db,
          uniq_grinder, uniq_ijyb
D:5:      uniq_duvessa, uniq_pikel
D:6:      grunt_temple_overflow_open, nicolae_overflow_hidden_temple,
          serial_shops, kennysheep_mini_moat

Skill      XL: |  1  2  3  4  5  6 |
---------------+-------------------+-----
Ice Magic      | 4 5 6 7 |  7.0
Dodging        | |  2.0
Stealth        | |  2.6
Spellcasting   | |  2.6
Conjurations   | |  1.0

Action                   |  1- 3 |  4- 6 || total
-------------------------+-------+-------++-------
Melee: Unarmed           |    23 |    63 ||    86
       Constrict         |     9 |    22 ||    31
       Tentacles         |     4 |    14 ||    18
 Cast: Freeze            |    31 |    82 ||   113
       Ozocubu's Armour  |       |     2 ||     2
  Use: Potion            |       |     1 ||     1
 Stab: Sleeping          |     9 |    10 ||    19
  Eat: Chunk             |     2 |     8 ||    10
Armor: Skin              |     8 |    13 ||    21
Dodge: Dodged            |    23 |    79 ||   102

Table legend:
 A = Spawn XP
 B = Non-spawn XP
 C = Spawn XP percentage of total XP
 D = Spawn monster count
 E = Non-spawn monster count
 F = Spawn count percentage of total count
 G = Total turns spent on level
                    A         B        C        D         E        F      G
               +---------+---------+-------+---------+---------+-------+---------
         Total |       0 |     530 |   0.0 |       0 |      84 |   0.0 |  4306
               +---------+---------+-------+---------+---------+-------+---------
           D:1 |       0 |      40 |   0.0 |       0 |      22 |   0.0 |  1149
           D:2 |       0 |     132 |   0.0 |       0 |      22 |   0.0 |  1259
           D:3 |       0 |      83 |   0.0 |       0 |      25 |   0.0 |  1272
           D:4 |       0 |     159 |   0.0 |       0 |      11 |   0.0 |   463
           D:6 |       0 |     116 |   0.0 |       0 |       4 |   0.0 |   144
               +---------+---------+-------+---------+---------+-------+---------
